 Dungeon Crawl Stone Soup version 0.21.1-1-g345015f (webtiles) character file.

31132 Lovchig the Severer (level 13, -9/121 HPs)
             Began as a Deep Dwarf Fighter on Feb 8, 2018.
             Was the Champion of Makhleb.
             Mangled by a large slime creature (23 damage)
             ... on level 14 of the Dungeon.
             The game lasted 00:37:06 (10619 turns).

Lovchig the Severer (Deep Dwarf Fighter)           Turns: 10619, Time: 00:37:07

Health: -9/121     AC: 17    Str: 30    XL:     13   Next: 24%
Magic:  0/0        EV:  9    Int:  8    God:    Makhleb [******]
Gold:   847        SH: 19    Dex: 12    Spells: 12/12 levels left

rFire    . . .     SeeInvis +   a - +1 war axe
rCold    . . .     Gourm    .   F - +0 large shield
rNeg     . . .     Faith    .   j - +0 plate armour
rPois    .         Spirit   .   H - +2 hat
rElec    .         Reflect  .   (no cloak)
rCorr    .         Harm     .   (no gloves)
MR       +....                  C - +0 pair of boots
Stlth    ..........             (no amulet)
HPRegen  0.00/turn              u - ring of see invisible
MPRegen  0.07/turn              I - +4 ring of strength

@: non-regenerating, drained
A: damage resistance, heal wounds, sense surroundings 2, no regeneration
a: Heal Wounds, Minor Destruction, Lesser Servant of Makhleb, Major Destruction,
Greater Servant of Makhleb, Renounce Religion


You were on level 14 of the Dungeon.
You worshipped Makhleb.
Makhleb was exalted by your worship.
You were not hungry.

You visited 1 branch of the dungeon, and saw 14 of its levels.
You also visited: Ossuary.

You collected 935 gold pieces.
You spent 88 gold pieces at shops.

Inventory:

Hand Weapons
 a - a +1 war axe (weapon)
 P - a +3 scimitar of flaming
Armour
 j - a +0 plate armour (worn)
 C - a +0 pair of boots (worn)
 F - a +0 large shield (worn)
 H - a +2 hat (worn)
Jewellery
 u - a ring of see invisible (left hand)
 I - a +4 ring of strength (right hand)
 K - an uncursed ring of magical power
Wands
 p - a wand of paralysis (11)
 x - a wand of acid (3)
 y - a wand of digging (25)
 E - a wand of scattershot (6)
 L - a wand of random effects (13)
 M - a wand of iceblast (8)
 N - a wand of clouds (6)
 Q - a wand of disintegration (12)
Scrolls
 b - 5 scrolls of remove curse
 e - 8 scrolls of enchant weapon
 g - 6 scrolls of identify
 i - 5 scrolls of teleportation
 z - a scroll of magic mapping
 B - a scroll of blinking
 D - a scroll of amnesia
 G - a scroll of enchant armour
 J - a scroll of fear
Potions
 d - 3 potions of might
 h - 2 potions of heal wounds
 k - 2 potions of berserk rage
 l - 2 potions of lignification
 m - 2 potions of ambrosia
 n - 4 potions of haste
 o - 6 potions of flight
 q - 2 potions of agility
 r - 4 potions of brilliance
 s - 3 potions of resistance
 t - 2 potions of cancellation
 v - 3 potions of invisibility
 w - a potion of curing
 A - a potion of magic
Miscellaneous
 O - a lamp of fire
Comestibles
 c - 10 chunks of flesh
 f - 25 rations


   Skills:
 * Level 9.1(8.4) Fighting
 * Level 15.1(14.3) Axes
   Level 0.4(8.6) Maces & Flails
 * Level 10.1(9.5) Armour
 * Level 8.4(7.7) Dodging
 * Level 11.2(10.5) Shields


You had 12 spell levels left.
You didn't know any spells.

Dungeon Overview and Level Annotations

Branches:
Dungeon (14/15)            Temple (0/1) D:6            Lair (0/6) D:8
    Orc (0/2) D:9          Vaults (0/5) D:13

Altars:
Cheibriados
Dithmenos
Elyvilon
Gozag
Makhleb
Okawaru
Sif Muna
Vehumet
Wu Jian
Xom
The Shining One
Beogh

Shops:
D:5 !

Portals:
Trove: D:12 (give 22 scrolls of identify)


Innate Abilities, Weirdness & Mutations

You are resistant to damage.
You can heal yourself by infusing magical energy.
You passively map the area around you.
You do not regenerate.


Message History

You hit the large slime creature.
The large slime creature is heavily wounded.
The large slime creature hits you!
* * * LOW HITPOINT WARNING * * *
You hit the large slime creature but do no damage.
The large slime creature is heavily wounded.
You block the large slime creature's attack.
You slice the large slime creature!!
The large slime creature is severely wounded.
You barely miss the large slime creature.
The large slime creature is severely wounded.
You block the large slime creature's attack.
You hit the large slime creature.
The large slime creature is severely wounded.
The large slime creature hits you!!
* * * LOW HITPOINT WARNING * * *
You slash the large slime creature!
The large slime creature is almost dead.
The large slime creature hits you!!
You die...

, *, , , * #.......# ,
, * #....# #.......# ,
*, *....# * #.......#
,,* ......####..>....#
, , ...#............#
,, ...*#####.......# *
#.# ##.###### #J#
#..## * #@# ##..# #.##
##.## ,,*** #..# #..#
, + ####'###
######'#### , *
#......###.......... ,
,
**#......#.'..........
, * * ,
,+......#.#.......)..
* **
#......#.#......<...
#......'.###########


You could see a large slime creature.

Vanquished Creatures
  Gastronok (D:9)
  Louise (D:14)
  The ghost of Mgcat the Fighter, a journeyman GrFi of Gozag (D:13)
  An ogre mage (D:13)
  A hydra (D:12)
  2 centaur warriors
  4 two-headed ogres
  The ghost of othur the Nimble, a novice MiFi of Yredelemnul (D:6)
  5 skeletal warriors (D:13)
  A wolf spider zombie (D:13)
  A deep elf mage (D:13)
  A cyclops (D:14)
  A manticore (D:11)
  An ugly thing (D:13)
  Psyche (D:9)
  A gargoyle (D:11)
  2 komodo dragons
  A kobold demonologist (D:11)
  An efreet (D:13)
  A troll (D:10)
  A guardian mummy (D:13)
  The ghost of ceb the Skirmisher, an amateur HOFi of Beogh (D:4)
  A merfolk (D:9)
  2 hornets
  5 slime creatures (D:13)
  A meliai zombie (D:13)
  6 hippogriffs
  Sigmund (D:2)
  A vampire (D:9)
  A redback (shapeshifter) (D:14)
  4 wraiths
  20 yaks
  A tarantella (shapeshifter) (D:13)
  4 water moccasins
  10 orc warriors
  A hornet zombie (D:13)
  A black bear (D:12)
  2 sky beasts
  3 ice beasts
  6 ogres
  10 centaurs
  2 phantoms
  6 bullfrogs
  6 big kobolds
  2 wyvern zombies
  2 jellies
  A wyvern skeleton (D:7)
  2 water moccasin zombies (Ossuary)
  3 scorpions
  6 howler monkeys
  6 crimson imps
  4 bullfrog zombies
  A quasit (D:8)
  4 centaur zombies
  5 hounds
  A gnoll shaman (D:7)
  9 orc priests
  7 orc wizards
  A bullfrog skeleton (D:11)
  A centaur skeleton (D:7)
  3 iguanas
  7 worker ants
  5 big kobold zombies (Ossuary)
  A hound zombie (D:8)
  5 mummies
  A worker ant zombie (D:6)
  9 gnolls
  12 adders
  3 shadow imps
  An adder skeleton (D:5)
  9 adder zombies
  6 worms
  5 dart slugs
  6 leopard geckos
  47 orcs
  6 giant cockroaches
  3 goblins
  7 hobgoblins
  9 jackals
  3 quokkas
  2 ball pythons
  8 bats
  5 frilled lizards
  3 hobgoblin zombies (Ossuary)
  A jackal skeleton (D:8)
  30 kobolds
  4 kobold zombies (Ossuary)
  3 orc zombies (Ossuary)
  5 rats
  A bush (D:5)
  2 plants
392 creatures vanquished.

Vanquished Creatures (others)
  A yak (D:11)
  10 plants (D:8)
11 creatures vanquished.

Grand Total: 403 creatures vanquished

Notes
Turn   | Place    | Note
-------+----------+-------------------------------------------
     0 | D:1      | Lovchig the Deep Dwarf Fighter began the quest for the Orb.
     0 | D:1      | Reached XP level 1. HP: 20/20 MP: 1/1
   105 | D:1      | Reached XP level 2. HP: 27/27 MP: 2/2
   391 | D:1      | Reached XP level 3. HP: 29/34 MP: 3/3
   644 | D:2      | Found a burning altar of Makhleb.
   644 | D:2      | Noticed a cacodemon
   648 | D:2      | Noticed a smoke demon
   648 | D:2      | Noticed a neqoxec
   650 | D:2      | Became a worshipper of Makhleb the Destroyer
   836 | D:2      | Noticed Sigmund
   871 | D:2      | Killed Sigmund
   871 | D:2      | Reached skill level 4 in Axes
   871 | D:2      | Reached skill level 1 in Dodging
   871 | D:2      | Reached XP level 4. HP: 34/42 MP: 4/4
   871 | D:2      | Reached XP level 5. HP: 40/49 MP: 5/5
  1010 | D:2      | Found a glowing golden altar of the Shining One.
  1589 | D:3      | Reached * piety under Makhleb
  1643 | D:3      | Reached XP level 6. HP: 40/56 MP: 6/6
  1945 | D:4      | Reached skill level 5 in Axes
  2000 | D:4      | Noticed ceb's ghost (amateur HOFi)
  2011 | D:4      | Killed ceb's ghost
  2011 | D:4      | Reached skill level 5 in Shields
  2011 | D:4      | Reached XP level 7. HP: 40/63 MP: 7/7
  2230 | D:4      | Reached skill level 6 in Axes
  2724 | D:5      | Entered Level 5 of the Dungeon
  2724 | D:5      | Found a radiant altar of Vehumet.
  2726 | D:5      | Found a white marble altar of Elyvilon.
  2795 | D:5      | Reached ** piety under Makhleb
  2922 | D:5      | Reached skill level 5 in Armour
  2922 | D:5      | Reached XP level 8. HP: 64/72 MP: 8/8
  2982 | D:5      | Reached skill level 7 in Axes
  3016 | D:5      | Found a shimmering altar of Xom.
  3137 | D:5      | Found a snail-covered altar of Cheibriados.
  3139 | D:5      | Found an opulent altar of Gozag.
  3181 | D:5      | Found Jywnayhin's Distillery.
  3188 | D:5      | Bought 2 potions of might for 88 gold pieces
  3192 | D:5      | Found a deep blue altar of Sif Muna.
  3194 | D:5      | Found an ornate altar of the Wu Jian Council.
  3530 | D:6      | Noticed othur's ghost (novice MiFi)
  3580 | D:6      | Killed othur's ghost
  3580 | D:6      | Reached skill level 5 in Fighting
  3580 | D:6      | Reached skill level 8 in Axes
  3601 | D:6      | Found a sand-covered staircase.
  3606 | Ossuary  | Entered an ossuary
  3641 | Ossuary  | Gained mutation: You passively map the area around you. [Deep Dwarf growth]
  3641 | Ossuary  | Reached XP level 9. HP: 40/81 MP: 9/9
  3724 | Ossuary  | Reached *** piety under Makhleb
  3971 | D:6      | Reached skill level 9 in Axes
  4122 | D:6      | You fall through a shaft for 2 floors!
  4418 | D:6      | Found a staircase to the Ecumenical Temple.
  4768 | D:7      | Reached skill level 10 in Axes
  4902 | D:7      | Reached skill level 5 in Dodging
  4967 | D:7      | Reached **** piety under Makhleb
  5034 | D:7      | Reached XP level 10. HP: 79/91 MP: 9/9
  5613 | D:8      | Found a staircase to the Lair.
  5699 | D:8      | Reached ***** piety under Makhleb
  6031 | D:8      | Reached skill level 11 in Axes
  6253 | D:9      | Found a staircase to the Orcish Mines.
  6260 | D:9      | Found a roughly hewn altar of Beogh.
  6351 | D:9      | Noticed Psyche
  6363 | D:9      | Killed Psyche
  6392 | D:9      | Noticed Gastronok
  6430 | D:9      | Killed Gastronok
  6430 | D:9      | Reached skill level 12 in Axes
  6430 | D:9      | Reached XP level 11. HP: 76/99 MP: 10/10
  6522 | D:9      | Noticed a two-headed ogre
  6534 | D:9      | Killed a two-headed ogre
  6800 | D:9      | Found a shadowy altar of Dithmenos.
  6962 | D:10     | Entered Level 10 of the Dungeon
  7056 | D:10     | Found an opulent altar of Gozag.
  7440 | D:10     | Paralysed by a hornet for 2 turns
  7831 | D:11     | Found an iron altar of Okawaru.
  7885 | D:11     | Reached skill level 13 in Axes
  8706 | D:12     | Noticed a five-headed hydra
  8721 | D:12     | Killed a five-headed hydra
  8721 | D:12     | Reached XP level 12. HP: 43/110 MP: 11/11
  8935 | D:12     | Reached skill level 10 in Shields
  8951 | D:12     | Noticed a two-headed ogre
  8959 | D:12     | Killed a two-headed ogre
  9031 | D:12     | Found a portal to a secret trove of treasure.
  9074 | D:12     | Reached ****** piety under Makhleb
  9406 | D:13     | Noticed Mgcat's ghost (journeyman GrFi)
  9489 | D:13     | Killed Mgcat's ghost
  9550 | D:13     | Reached skill level 14 in Axes
  9655 | D:13     | Noticed a centaur warrior
  9669 | D:13     | Killed a centaur warrior
 10028 | D:13     | Noticed an ogre mage
 10029 | D:13     | Noticed a two-headed ogre
 10042 | D:13     | Noticed a two-headed ogre
 10052 | D:13     | Killed an ogre mage
 10053 | D:13     | Killed a two-headed ogre
 10053 | D:13     | Reached XP level 13. HP: 97/119 MP: 2/2
 10068 | D:13     | Found a gate to the Vaults.
 10324 | D:13     | Reached skill level 10 in Armour
 10349 | D:14     | Noticed Louise
 10378 | D:14     | Killed Louise
 10378 | D:14     | Reached skill level 15 in Axes
 10619 | D:14     | Mangled by a large slime creature

Skill      XL: |  1  2  3  4  5  6  7  8  9 10 11 12 13 |
---------------+----------------------------------------+-----
Fighting       | 3 4 5 6 7 8 9 |  9.1
Axes           | 4 5 6 8 10 12 13 14 15 | 15.1
Armour         | 4 5 6 7 8 9 10 | 10.1
Dodging        | 1 2 3 4 5 6 7 8 |  8.4
Shields        | 4 5 6 7 8 9 10 11 | 11.2
Maces & Flails | |  0.4

Action                   |  1- 3 |  4- 6 |  7- 9 | 10-12 | 13-15 || total
-------------------------+-------+-------+-------+-------+-------++-------
Melee: War axe           |   133 |   173 |   441 |   979 |    91 ||  1817
       Flail             |       |       |       |    11 |       ||    11
 Abil: Heal Wounds       |     2 |     2 |     4 |    40 |     4 ||    52
  Use: Scroll            |     5 |     8 |    11 |     4 |       ||    28
       Potion            |       |       |       |     1 |     1 ||     2
  Eat: Chunk             |       |     4 |    11 |    17 |     3 ||    35
Armor: Chain mail        |    42 |       |       |       |       ||    42
       Scale mail        |     3 |       |       |       |       ||     3
       Plate armour      |    21 |   132 |   183 |   345 |    23 ||   704
Dodge: Dodged            |    32 |    49 |   109 |   270 |    15 ||   475
Block: Shield            |    68 |   117 |   256 |   628 |    27 ||  1096
       Large shield      |       |       |       |       |    45 ||    45
